 Dungeon Crawl Stone Soup version 0.26-a0-651-gb41185065b (webtiles) character file.

Game seed: 6959753651312218069

(classic levelgen) 297 EnegeticOcto the Chopper (level 6, -1/55 HPs)
             Began as a Deep Dwarf Delver on Oct 23, 2020.
             Slain by an ogre
             ... wielding a +0 giant spiked club
              (14 damage)
             ... on level 7 of the Dungeon.
             The game lasted 00:01:35 (238 turns).

EnegeticOcto the Chopper (Deep Dwarf Delver)         Turns: 238, Time: 00:01:36

Health: -1/55      AC: 14    Str: 15    XL:     6   Next: 12%
Magic:  6/6        EV:  4    Int: 17    God:
Gold:   47         SH:  0    Dex: 14    Spells: 5/5 levels left

rFire    . . .     SeeInvis .   h - +0 war axe
rCold    . . .     Faith    .   (no shield)
rNeg     . . .     Spirit   .   k - +0 plate armour
rPois    .         Reflect  .   j - +0 helmet (curse)
rElec    .         Harm     .   (no cloak)
rCorr    .         Rampage  .   (no gloves)
MR       .....                  i - +2 pair of boots of Glamorous Amelioration {Int+4}
Stlth    ..........             (no amulet)
HPRegen  0.00/turn              (no ring)
MPRegen  0.10/turn              (no ring)

@: non-regenerating, lightly drained
A: damage resistance, heal wounds, sense surroundings 1, no regeneration
a: Heal Wounds


You were on level 7 of the Dungeon.
You visited 1 branch of the dungeon, and saw 4 of its levels.

You collected 47 gold pieces.

Inventory:

Hand Weapons
 a - a +0 hand axe
 h - a +0 war axe (weapon)
Armour
 b - a +0 leather armour
 i - the +2 pair of boots of Glamorous Amelioration (worn) {Int+4}
   (You found it on level 4 of the Dungeon)

   It affects your intelligence (+4).
 j - a cursed +0 helmet (worn)
 k - a +0 plate armour (worn)
Wands
 g - a wand of digging (3) {@v3}
Scrolls
 c - a scroll of fog
 d - a scroll of immolation {unknown}
 e - a scroll of fear
Potions
 f - a potion of haste {@q4}
 l - a potion of curing {unknown}


   Skills:
 - Level 2.6(2.1) Fighting
 + Level 7.1(6.5) Axes
 - Level 2.1(1.6) Dodging
 - Level 6.0(5.4) Stealth


You had 5 spell levels left.
You didn't know any spells.
Your spell library was empty.

Dungeon Overview and Level Annotations

Branches:
Dungeon (7/15)
 Temple: D:4-7

Altars:


Innate Abilities, Weirdness & Mutations

You are resistant to damage.
You can heal yourself by infusing magical energy.
You passively map a small area around you.
You do not regenerate.


Message History

You closely miss the wight. The adder bites you but does no damage.
The wight hits you but does no damage. The adder bites you but does no damage.
The wight hits you but does no damage.
You hit the wight but do no damage.
The wight is severely damaged.
You closely miss the adder. You slash the wight!
The adder bites you but does no damage. The wight barely misses you.
The wight hits you with a +1 long sword.
The adder bites you but does no damage.
You closely miss the wight.
The wight is almost destroyed.
You barely miss the adder. You hit the wight.
The wight hits you with a cursed +0 hand axe.
The adder bites you but does no damage. The wight hits you but does no damage.
The wight barely misses you.
You slash the wight!
You destroy the wight!
You hit the adder.
You kill the adder!
You barely miss the wight.
The wight hits you with a cursed +0 hand axe.
You feel drained.
You feel much better.
The wight hits you with a cursed +0 hand axe.
You feel drained.
You closely miss the wight.
The wight is severely damaged.
The wight hits you but does no damage.
You slash the wight!
You destroy the wight!
Your base Axes skill increases to level 7!
You have reached level 6!
Your experience leads to an increase in your attributes!
Your base attributes are Str 15, Int 12, Dex 14.
Increase (s)trength, (i)ntelligence, or (d)exterity?
You feel clever.
Found 6 gold pieces.
Things that are here:
a +0 dire flail; a +0 robe
Found a stone staircase leading down.
Found 6 gold pieces.
You now have 6 gold pieces.
Found a scroll labeled SONOWI BADGHA.
You now have 12 gold pieces (gained 6).
Found a grey potion.
Found 10 gold pieces.
d - a scroll labeled SONOWI BADGHA
l - a grey potion A hound comes into view.
The hound barks!
Found a stone staircase leading down.
Found 11 gold pieces.
You see here 10 gold pieces.
You hit the hound but do no damage.
The hound bites you but does no damage. x2
You closely miss the hound.
The hound bites you but does no damage. x2
You closely miss the hound. The hound bites you.
The hound bites you but does no damage.
You closely miss the hound. The hound barely misses you.
You slash the hound!
The hound is heavily wounded.
The hound bites you but does no damage. x2
You now have 22 gold pieces (gained 10).
The hound bites you but does no damage. x2
You hit the hound.
The hound is heavily wounded.
The hound bites you but does no damage. x2
Your plate armour prevents you from hitting the hound.
The hound is heavily wounded.
The hound bites you but does no damage.
You slash the hound!
You kill the hound!
No target in view!
No target in view!
No target in view!
No target in view!
You now have 33 gold pieces (gained 11).
(D) Dungeon
Where to? (? - help)
There is a stone staircase leading down here.
You climb downwards.
Found 14 gold pieces.
There is a stone staircase leading up here.
Found a cloak.
An ogre comes into view. It is wielding a +0 giant spiked club.
You see here 14 gold pieces.
You now have 47 gold pieces (gained 14).
An ogre comes into view. It is wielding a +0 giant club.
The ogre shouts!
The ogre barely misses you.
You barely miss the ogre. You hit the ogre.
The ogre is lightly wounded.
You completely miss the ogre. The ogre hits you with a +0 giant club!
The ogre hits you with a +0 giant spiked club.
You slash the ogre!
The ogre is heavily wounded.
You hit the ogre.
The ogre hits you with a +0 giant club!!
* * * LOW HITPOINT WARNING * * *
The ogre hits you with a +0 giant spiked club!
You die...

, * .#* , # * *
.# * , #.#### .#
*, ,...# .######,
###.######.......
* #.........# *
#.#<#####.# * ,
*,#.# #O# * #.#
#@# , #.# #O# * *
* #.# #.# * , ..#
#.# * ### #[#
*#.#* * *, ... ,
* *.## *


You could see 2 ogres.

Vanquished Creatures
  A scorpion (D:4)
  3 wights (D:6)
  A hound (D:6)
  2 worker ants (D:4)
  Robin (D:4)
  An adder (D:6)
  An adder skeleton (D:4)
  2 orcs (D:4)
  8 goblins (D:4)
  3 hobgoblins (D:4)
  A quokka (D:4)
24 creatures vanquished.

Notes
Turn   | Place    | Note
-------+----------+-------------------------------------------
     0 | D:5      | EnegeticOcto the Deep Dwarf Delver began the quest for the
                  | Orb.
     0 | D:5      | Reached XP level 1. HP: 20/20 MP: 1/1
     6 | D:4      | Noticed a worker ant
     7 | D:4      | Noticed a worker ant
    11 | D:4      | Noticed a scorpion
    20 | D:4      | Got a pair of distressingly furry boots
    34 | D:4      | Killed a worker ant
    34 | D:4      | Reached skill level 3 in Axes
    34 | D:4      | Reached XP level 2. HP: 22/27 MP: 2/2
    38 | D:4      | Reached skill level 4 in Axes
    38 | D:4      | Reached XP level 3. HP: 24/33 MP: 3/3
    42 | D:4      | Noticed Robin
    62 | D:4      | Killed a scorpion
    62 | D:4      | Reached skill level 5 in Axes
    62 | D:4      | Reached XP level 4. HP: 18/40 MP: 4/4
    80 | D:4      | Killed Robin
   106 | D:4      | Identified the +2 pair of boots of Glamorous Amelioration
                  | {Int+4} (You found it on level 4 of the Dungeon)
   156 | D:6      | Reached skill level 6 in Axes
   156 | D:6      | Reached XP level 5. HP: 22/46 MP: 5/5
   162 | D:6      | Reached skill level 7 in Axes
   162 | D:6      | Reached XP level 6. HP: 42/55 MP: 6/6
   238 | D:7      | Slain by an ogre

Illustrated notes

Levels and vault maps discovered:
D:4:      layout_rooms, kennysheep_little_box, hangedman_minor_gate_pass,
          uniq_robin, uniq_natasha, uniq_sigmund
D:5:      layout_loops_ring, minmay_temple_entry_antechambers, serial_shops,
          shop, minmay_misc_feat_rugged
D:6:      layout_loops_cross, dancing_weapons_uskayaw, elyvilon_altar_5
D:7:      layout_loops_ring, kennysheep_mini, lemuel_centaur_altar

Skill      XL: |  1  2  3  4  5 |
---------------+----------------+-----
Axes           | 3 4 5 6 7 |  7.1
Fighting       | |  2.6
Dodging        | |  2.1
Stealth        | |  6.0

Action                   |  1- 3 |  4- 6 || total
-------------------------+-------+-------++-------
Melee: War axe           |    31 |    47 ||    78
       Hand axe          |     3 |       ||     3
 Abil: Heal Wounds       |     2 |     4 ||     6
  Use: Scroll            |       |     1 ||     1
Armor: Leather armour    |    13 |     3 ||    16
       Plate armour      |       |    38 ||    38
Dodge: Dodged            |    36 |    20 ||    56

Table legend: (Time is in decaauts)
 A = Elapsed time spent in this place.
 B = Non-inter-level travel time spent in this place.
 C = Inter-level travel time spent in this place.
 D = Time resting spent in this place.
 E = Time spent auto-exploring this place.
 F = Levels seen in this place.
 G = Mean time per level.
                   A        B        C        D        E       F      G
               +--------+--------+--------+--------+--------+-----+--------+
         Total |    257 |    247 |     10 |      0 |      0 |   4 |   64.2 |
       Dungeon |    257 |    247 |     10 |      0 |      0 |   4 |   64.2 |
               +--------+--------+--------+--------+--------+-----+--------+

Top non-repeatable levels by time:
     D:4: 141 daAuts
     D:6: 89 daAuts
     D:5: 13 daAuts
     D:7: 13 daAuts
